 Dungeon Crawl Stone Soup version 0.27-a0-972-gd1521fd518 (webtiles) character file.

Game seed: 17630060299509597634

33280 kae the Grappler (level 13, -7/137 (145) HPs)
             Began as a Black Draconian Transmuter on Apr 13, 2021.
             Was a Priest of Ru.
             Mangled by a hellwing (13 damage)
             ... on level 6 of the Lair of Beasts.
             The game lasted 00:13:33 (14980 turns).

kae the Grappler (Black Draconian Transmuter)      Turns: 14980, Time: 00:13:33

HP:   -7/137 (145)  AC:  8    Str: 14    XL:     13   Next: 35%
MP:   23/23         EV: 12    Int: 16    God:    Ru [***...]
Gold: 1056          SH:  0    Dex: 19    Spells: 13/26 levels left

rFire    + . .     SeeInvis +     - Unarmed
rCold    . . .     Faith    .   (shield currently unavailable)
rNeg     + . .     Spirit   .   (armour unavailable)
rPois    +         Reflect  .   (helmet currently unavailable)
rElec    +         Harm     .   (cloak currently unavailable)
rCorr    .         Rampage  .   (gloves currently unavailable)
Will     .....                  (boots currently unavailable)
Stlth    ..........             d - amulet of Generosity {Drain rElec rPois rN+ Regen+ SInv}
HPRegen  1.32/turn              p - ring of protection from fire
MPRegen  0.18/turn              y - +6 ring of dexterity

@: exhausted, hydra-form, unable to read, drained
A: fast swimmer, devour, amphibious, boosted hp, (breathe lightning), AC +8,
very large, unfitting armour, (electricity resistance), (cold-blooded),
inability to read while threatened, no stealth, hated by all
a: End Transformation, Renounce Religion, Draw Out Power


You were on level 6 of the Lair of Beasts.
You worshipped Ru.
Ru was most pleased with you.
You were a four-headed hydra.
You visited 3 branches of the dungeon, and saw 17 of its levels.

You collected 1056 gold pieces.

Inventory:

Missiles
 c - 6 throwing nets
 s - a curare-tipped dart
 F - 5 atropa-tipped darts
Armour
 a - a +2 pair of gloves (melded)
 e - a +2 pair of boots (melded)
 q - a +2 cloak (melded)
Jewellery
 d - the amulet of Generosity (around neck) {Drain rElec rPois rN+ Regen+ SInv}
   (You acquired it on level 3 of the Dungeon)

   [amulet of regeneration]

   It insulates you from electricity.
   It protects you from poison.
   It protects you from negative energy.
   It lets you see invisible.
   It increases your rate of health regeneration.
   It drains your maximum health when unequipped.
 p - a ring of protection from fire (left foreclaw)
 x - a ring of ice
 y - a +6 ring of dexterity (right foreclaw)
 A - a +6 ring of intelligence
Wands
 j - a wand of iceblast (17)
 r - a wand of acid (8)
 v - a wand of flame (21)
 z - a wand of polymorph (11)
 G - a wand of paralysis (7)
Scrolls
 b - 2 scrolls of enchant armour
 h - 4 scrolls of vulnerability
 i - 3 scrolls of fear
 k - 4 scrolls of enchant weapon
 w - 4 scrolls of teleportation
 C - a scroll of blinking
Potions
 f - a potion of resistance
 g - 7 potions of heal wounds
 l - 6 potions of flight
 m - 2 potions of brilliance
 n - 3 potions of berserk rage
 o - 6 potions of curing
 t - 2 potions of magic
 u - a potion of might
 B - 3 potions of cancellation
 D - a potion of attraction
 E - a potion of ambrosia
 H - a potion of mutation
 I - a potion of lignification


   Skills:
 + Level 9.7 Fighting
 + Level 8.4 Dodging
 * Level 12.5 Unarmed Combat
 - Level 7.0 Spellcasting
 * Level 12.4 Transmutations
 - Level 4.0 Ice Magic
 - Level 2.0 Poison Magic


You had 13 spell levels left.
You knew the following spells:

 Your Spells              Type           Power      Damage    Failure   Level
a - Beastly Appendage     Tmut           90%        N/A       1%          1
b - Spider Form           Tmut/Pois      14%        N/A       1%          3
c - Ice Form              Ice/Tmut       31%        N/A       4%          4
d - Hydra Form            Tmut           22%        N/A       1%          5

Your spell library contained the following spells:

 Spells                   Type           Power      Damage    Failure   Level
 Wereblood                Tmut           45%        N/A       1%          2
 Petrify                  Tmut/Erth      25%        N/A       10%         4
 Magic Dart               Conj           20%        1d4       12%         1
 Blink                    Tloc           N/A        N/A       19%         2
 Slow                     Hex            5%         N/A       19%         2
 Yara's Violent Unravell  Hex/Tmut       12%        3d7       26%         5
 Mephitic Cloud           Conj/Pois/Air  7%         N/A       28%         3
 Confusing Touch          Hex            5%         N/A       36%         3
 Conjure Flame            Conj/Fire      5%         6-21      36%         3
 Gell's Gravitas          Tloc           2%         N/A       36%         3
 Metabolic Englaciation   Hex/Ice        6%         N/A       83%         5
 Borgnjor's Vile Clutch   Necr/Erth      2%         N/A       98%         5
 Call Imp                 Summ           Unusable   N/A       N/A         2
 Animate Dead             Necr           Unusable   N/A       N/A         4
 Death Channel            Necr           Unusable   N/A       N/A         6
 Simulacrum               Ice/Necr       Unusable   N/A       N/A         6

Dungeon Overview and Level Annotations

Branches:
Dungeon (11/15)            Temple (1/1) D:7            Lair (4/6) D:11
 Shoals (0/4) Lair:2       Spider (0/4) Lair:2          Orc (0/2) D:9

Altars:
Ashenzari
Cheibriados
Dithmenos
Elyvilon
Fedhas
Gozag
Hepliaklqana
Kikubaaqudgha
Makhleb
Nemelex Xobeh
Okawaru
Qazlal
Ru
Sif Muna
Trog
Uskayaw
Vehumet
Wu Jian
Xom
Yredelemnul
Zin
The Shining One

Shops:
D:9 [([   D:11 (

Annotations:
Lair:4 exclusion: ice statue


Innate Abilities, Weirdness & Mutations

You are a four-headed hydra.
You swim very quickly.
You can devour living enemies to heal.
You are amphibious.
Your maximum health is greatly increased.
Your armour is entirely melded.
You are incapable of wielding weapons or throwing items.
((You can breathe wild blasts of lightning.))
((Your glossy black scales are hard. (AC +8)))
You cannot fit into any form of body armour.
((You are resistant to electric shocks. (rElec)))
((You are cold-blooded and may be slowed by cold attacks.))
You sometimes lose the ability to read scrolls when taking damage.
You cannot be stealthy.
You are hated by all.


Message History

* * * LOW HITPOINT WARNING * * *
You nip at the hellwing but do no damage.
The hellwing is moderately wounded.
The red devil closely misses you.
You nip at the hellwing but do no damage.
The hellwing is moderately wounded.
The hellwing barely misses you. The hellwing hits you.
* * * LOW HITPOINT WARNING * * *
An ice devil comes into view.
You nip at the hellwing.
The hellwing is heavily wounded.
The red devil hits you but does no damage.
The hellwing is stunned by your conviction and fails to attack.
You are restored by drawing out deep reserves of power within.
You feel drained.
The red devil hits you from afar with a +0 trident.
* * * LOW HITPOINT WARNING * * *
The hellwing barely misses you. x2
You bite the hellwing!
The hellwing is heavily wounded.
The red devil hits you from afar with a +0 trident.
* * * LOW HITPOINT WARNING * * *
The hellwing misses you. The hellwing barely misses you.
You nip at the hellwing but do no damage.
The hellwing is heavily wounded.
You nip at the ice devil but do no damage.
The ice devil hits you.
* * * LOW HITPOINT WARNING * * *
The ice devil freezes you!!
* * * LOW HITPOINT WARNING * * *
You nip at the hellwing.
The hellwing is severely wounded.
You barely miss the ice devil.
The hellwing hits you but does no damage.
The hellwing closely misses you.
You nip at the hellwing.
The hellwing is severely wounded.
You nip at the ice devil.
The ice devil completely misses you. The hellwing hits you!
You die...

♣♣♣....♣♣ ♣♣♣..♣♣..♣♣♣
♣♣♣..♣♣♣♣♣...♣♣ ♣ ♣♣..♣♣♣
♣♣...♣♣♣♣ ♣♣♣♣ ♣♣♣..♣♣♣
♣♣♣....♣♣♣... ♣......♣
♣♣♣.......♣ #######''######
♣♣♣.♣♣.♣♣
#.............#########+♣♣♣♣♣
#....8....8.4D#........#
#.............44..8.8..#
###############..8.#...#
..... #...8.#..#
......#..#.8...#
2h....'...#.8..#
.h4...#..8.8...# ≈..§.
#........# ≈§§# ##########


You could see a hellwing, an ice devil and a red devil (blind).

Vanquished Creatures
  Harold (D:7)
  A hell beast (Lair:6)
  5 hydras
  2 two-headed ogres
  A death yak (Lair:6)
  A wizard (Lair:6)
  An orc knight (D:10)
  Pikel (D:7)
  An ugly thing (D:11)
  11 elephants
  4 black mambas
  An orange demon (Lair:6)
  8 cane toads
  3 rime drakes (Lair:6)
  3 komodo dragons
  A kobold demonologist (D:9)
  2 ice devils (Lair:6)
  3 jumping spiders (Lair:2)
  2 polar bears
  Grinder (D:3)
  4 blink frogs
  A vampire (D:11)
  2 wraiths
  A redback (Lair:2)
  2 wyverns
  23 yaks
  A basilisk (Lair:1)
  Eustachio (D:4)
  2 acid dragons
  13 water moccasins
  3 hell hounds (Lair:6)
  A sky beast (D:6)
  2 black bears (D:6)
  6 orc warriors
  2 ice beasts (Lair:4)
  3 necrophages
  3 centaurs
  3 ogres
  13 wolves
  4 lemures
  A phantom (D:4)
  3 kobold brigands
  A gnoll sergeant (D:11)
  9 bullfrogs
  5 scorpions
  A wyvern skeleton (D:2)
  3 water moccasin skeletons
  5 killer bees
  5 wights
  2 howler monkeys (D:7)
  A lava snake (D:10)
  6 centaur zombies
  2 jellies (D:6)
  5 hounds
  6 orc priests
  3 iguanas
  6 orc wizards
  3 killer bee zombies
  2 hound skeletons (D:5)
  A howler monkey skeleton (D:4)
  8 adders
  4 gnolls (D:11)
  3 white imps (Lair:4)
  3 ufetubi (D:5)
  3 dart slugs
  29 orcs
  6 ball pythons
  2 bats
  16 endoplasms
  3 giant cockroaches
  4 goblins
  6 hobgoblins
  3 jackals (D:3)
  A quokka (D:1)
  3 frilled lizards
  16 kobolds
  3 rats
326 creatures vanquished.

Vanquished Creatures (others)
  2 cane toads
  35 fungi
  23 plants
60 creatures vanquished.

Grand Total: 386 creatures vanquished

Notes
Turn   | Place    | Note
-------+----------+-------------------------------------------
     0 | D:1      | kae the Draconian Transmuter began the quest for the Orb.
     0 | D:1      | Reached XP level 1. HP: 16/16 MP: 3/3
   535 | D:1      | Reached XP level 2. HP: 9/23 MP: 3/5
   809 | D:1      | Found a faded altar of an unknown god.
  1197 | D:2      | Reached XP level 3. HP: 7/29 MP: 6/6
  1197 | D:2      | Reached XP level 4. HP: 9/36 MP: 7/7
  1730 | D:2      | Learned a level 3 spell: Spider Form
  2375 | D:3      | Noticed Grinder
  2596 | D:3      | Identified a scroll of acquirement
  2596 | D:3      | Acquired the amulet of Generosity {Drain rElec rPois rN+
                  | Regen+ SInv}
  2802 | D:3      | Reached XP level 5. HP: 38/41 MP: 4/8
  2975 | D:3      | Paralysed by Grinder for 6 turns
  2993 | D:3      | Killed Grinder
  2994 | D:3      | Reached skill level 1 in Poison Magic
  2994 | D:3      | Reached XP level 6. HP: 27/50 MP: 2/10
  3479 | D:4      | Learned a level 4 spell: Ice Form
  3925 | D:4      | Reached skill level 1 in Ice Magic
  4027 | D:4      | Your scales start taking on a glossy black colour.
  4027 | D:4      | Reached XP level 7. HP: 54/57 MP: 7/11
  4027 | D:4      | Gained mutation: You are resistant to electric shocks.
                  | (rElec) [Black Draconian growth]
  4205 | D:4      | Noticed Eustachio
  4230 | D:4      | Killed Eustachio
  4470 | D:5      | Entered Level 5 of the Dungeon
  4480 | D:5      | Reached skill level 5 in Unarmed Combat
  5084 | D:5      | Found an opulent altar of Gozag.
  5190 | D:5      | Reached skill level 5 in Transmutations
  5190 | D:5      | Reached XP level 8. HP: 50/63 MP: 8/13
  6421 | D:6      | Reached XP level 9. HP: 72/72 MP: 7/15
  6876 | D:7      | Noticed Harold
  6941 | D:7      | Found a staircase to the Ecumenical Temple.
  6974 | D:7      | Killed Harold
  6975 | D:7      | Reached skill level 5 in Fighting
  7183 | D:7      | Noticed Pikel
  7203 | D:7      | Killed Pikel
  7631 | Temple   | Entered the Ecumenical Temple
  7784 | Temple   | Became a worshipper of Ru the Awakened
  7805 | D:8      | Noticed a two-headed ogre
  7917 | D:8      | Reached XP level 10. HP: 83/83 MP: 17/17
  7924 | D:8      | Killed a two-headed ogre
  7925 | D:8      | Reached skill level 5 in Dodging
  7925 | D:8      | Reached skill level 5 in Spellcasting
  8082 | D:8      | Found a stormy altar of Qazlal.
  8511 | D:8      | Learned a level 5 spell: Hydra Form
  8613 | D:9      | Found Romun's Armour Emporium.
  8613 | D:9      | Found a staircase to the Orcish Mines.
  8613 | D:9      | Found Feaneahi's Weapon Emporium.
  8617 | D:9      | Gained mutation: You sometimes lose the ability to read
                  | scrolls when taking damage. [Ru sacrifice]
  8617 | D:9      | Reached * piety under Ru
  8669 | D:9      | Found Nafruegu's Armour Shop.
  9324 | D:9      | Found a basalt altar of Yredelemnul.
  9325 | D:9      | Noticed a two-headed ogre
  9334 | D:9      | Killed a two-headed ogre
  9519 | D:9      | Found a shadowy altar of Dithmenos.
  9519 | D:9      | Found a shimmering altar of Xom.
  9587 | D:10     | Entered Level 10 of the Dungeon
  9605 | D:10     | Reached XP level 11. HP: 91/91 MP: 15/19
 10166 | D:11     | Noticed a cyan ugly thing
 10342 | D:11     | Found a staircase to the Lair.
 10459 | D:11     | Killed a cyan ugly thing
 10609 | D:11     | Noticed a five-headed hydra
 10617 | D:11     | Killed a five-headed hydra
 10618 | D:11     | Reached skill level 10 in Unarmed Combat
 10620 | D:11     | Noticed an orc knight
 10631 | D:11     | Gained mutation: You are hated by all. [Ru sacrifice]
 10631 | D:11     | Reached ** piety under Ru
 10631 | D:11     | Reached *** piety under Ru
 10734 | D:10     | Killed an orc knight
 10735 | D:10     | Reached skill level 10 in Transmutations
 10924 | D:11     | Found Ucaas's Antique Weapon Boutique.
 10999 | Lair:1   | Entered Level 1 of the Lair of Beasts
 10999 | Lair:1   | Noticed a five-headed hydra
 11011 | Lair:1   | Killed a five-headed hydra
 11919 | Lair:2   | Noticed a seven-headed hydra
 11928 | Lair:2   | Killed a seven-headed hydra
 11985 | Lair:2   | Reached XP level 12. HP: 101/101 MP: 17/22
 12309 | Lair:2   | Found a staircase to the Shoals.
 12790 | Lair:2   | Found a hole to the Spider Nest.
 13080 | Lair:3   | Gained mutation: You cannot be stealthy. [Ru sacrifice]
 14266 | Lair:4   | Noticed a four-headed hydra
 14275 | Lair:4   | Killed a four-headed hydra
 14382 | Lair:4   | Reached XP level 13. HP: 111/111 MP: 21/23
 14599 | Lair:4   | You fall into a shaft and drop 2 floors!
 14599 | Lair:6   | Entered Level 6 of the Lair of Beasts
 14880 | Lair:6   | Found a burning altar of Makhleb.
 14978 | Lair:6   | HP: 4/137 [ice devil (21)]
 14980 | Lair:6   | Mangled by a hellwing

Illustrated notes

Levels and vault maps discovered:
D:1:      ncdulo_lavacross, layout_rooms, ebering_ecumenical_altar_mist,
          serial_bayou_pond_e
D:2:      layout_loops_ring
D:3:      layout_basic, minmay_cupped, uniq_grinder
D:4:      layout_loops_corners, uniq_eustachio
D:5:      layout_loops_corners, lemuel_coloured_pillars_altar,
          hangedman_decor_points
D:6:      layout_gridville
D:7:      layout_cave_pools, minmay_temple_entry_waves, uniq_pikel, uniq_harold
D:8:      layout_cave_pools, grunt_qazlal_clouds, grunt_ogre_cave,
          grunt_decor_mini_mirrors
D:9:      layout_roguey, gammafunk_temple_overflow_statue, orc_david_3,
          serial_shops, shop, kennysheep_flooded_box, st_stairs_10
D:10:     layout_big_octagon
D:11:     layout_basic, grunt_lair_entry_orc_guard_hut, serial_shops,
          nicolae_shop_waterfront, lightli_fourway_metalbox
Temple:   regret_index_temple_mists
Lair:1:   layout_roguey, infiniplex_staircase_pool_2
Lair:2:   layout_regular_city, minmay_shoals_entry_lonely_mermaid,
          spider_nest_entry_funnel_web
Lair:3:   layout_cave_pods, enter_volcano_4, grunt_forest_stairs_basic,
          serial_bayou_shore_a
Lair:4:   layout_small_grid, ice2_lemuel, uniq_urug
Lair:6:   evil_forest, layout_regular_city, st_stairs_8,
          nicolae_quartered_pool_medium, grunt_megastairs_4

Skill      XL: |  1  2  3  4  5  6  7  8  9 10 11 12 13 |
---------------+----------------------------------------+-----
Dodging        | 2 3 4 5 6 8 |  8.4
Transmutations | 3 4 5 6 7 9 10 11 12 | 12.4
Fighting       | 2 3 4 5 6 8 9 |  9.7
Unarmed Combat | 4 5 6 7 9 10 12 | 12.5
Poison Magic   | 1 2 |  2.0
Ice Magic      | 1 2 4 |  4.0
Spellcasting   | 3 4 5 6 7 |  7.0

Action                   |  1- 3 |  4- 6 |  7- 9 | 10-12 | 13-15 || total
-------------------------+-------+-------+-------+-------+-------++-------
Melee: Unarmed           |    58 |   188 |   311 |   498 |   116 ||  1171
       Kick              |    10 |    15 |       |       |       ||    25
       Headbutt          |     4 |     9 |       |       |       ||    13
       Tailslap          |     1 |    11 |     4 |     3 |       ||    19
       Punch             |       |     1 |     2 |     1 |       ||     4
 Cast: Beastly Appendage |    12 |    23 |       |     1 |       ||    36
       Spider Form       |       |    12 |    21 |       |       ||    33
       Ice Form          |       |       |    15 |    10 |       ||    25
       Hydra Form        |       |       |       |    41 |     8 ||    49
Invok: Sacrifice Words   |       |       |       |     1 |       ||     1
       Sacrifice Love    |       |       |       |     1 |       ||     1
       Sacrifice Stealth |       |       |       |     1 |       ||     1
       Draw Out Power    |       |       |       |       |     1 ||     1
       Reject Sacrifices |       |       |       |       |     1 ||     1
 Abil: Breathe Lightning |       |       |     2 |       |       ||     2
  Use: Scroll            |     2 |     5 |     9 |    12 |       ||    28
       Potion            |     1 |       |       |       |       ||     1
 Stab: Sleeping          |     1 |     3 |     1 |       |       ||     5
       Invisible         |       |       |       |     9 |     1 ||    10
       Distracted        |       |       |       |       |     2 ||     2
Armor: Skin              |    21 |    50 |    80 |   190 |    32 ||   373
Dodge: Dodged            |    38 |   109 |   238 |   296 |    73 ||   754

Table legend: (Time is in decaauts)
 A = Elapsed time spent in this place.
 B = Non-inter-level travel time spent in this place.
 C = Inter-level travel time spent in this place.
 D = Time resting spent in this place.
 E = Time spent auto-exploring this place.
 F = Levels seen in this place.
 G = Mean time per level.
                   A        B        C        D        E       F      G
               +--------+--------+--------+--------+--------+-----+--------+
         Total |  14889 |  14240 |    649 |   1019 |  10807 |  17 |  875.8 |
       Dungeon |  10760 |  10246 |    514 |    765 |   7668 |  11 |  978.2 |
        Temple |    216 |    171 |     45 |      0 |    168 |   1 |  216.0 |
          Lair |   3913 |   3824 |     89 |    254 |   2971 |   5 |  782.6 |
               +--------+--------+--------+--------+--------+-----+--------+

Top non-repeatable levels by time:
     D:6: 1341 daAuts
     D:2: 1262 daAuts
     D:4: 1249 daAuts
  Lair:3: 1238 daAuts
     D:5: 1205 daAuts
  Lair:2: 1130 daAuts
     D:9: 1050 daAuts
     D:1: 994 daAuts
     D:3: 949 daAuts
  Lair:1: 865 daAuts
     D:8: 750 daAuts
    D:11: 691 daAuts
     D:7: 655 daAuts
    D:10: 608 daAuts
  Lair:6: 359 daAuts
